 Dungeon Crawl Stone Soup version 0.23-a0-612-gcb482e9 (console) character file.

39 Duffy the Chopper (level 3, 9/32 HPs)
             Began as a Naga Gladiator on Dec 21, 2018.
             Quit the game on level 4 of the Dungeon.
             The game lasted 00:00:51 (944 turns).

Duffy the Chopper (Naga Gladiator)                   Turns: 944, Time: 00:00:52

Health: 9/32       AC:  7    Str: 17    XL:     3   Next: 45%
Magic:  3/3        EV:  3    Int:  8    God:
Gold:   34         SH:  0    Dex: 12    Spells: 2/2 levels left

rFire    . . .     SeeInvis +   a - +0 war axe
rCold    . . .     Gourm    .   (no shield)
rNeg     . . .     Faith    .   k - +0 plate armour
rPois    +         Spirit   .   c - +0 helmet
rElec    .         Reflect  .   (no cloak)
rCorr    .         Harm     .   (no gloves)
MR       .....                  (no barding)
Stlth    ..........             (no amulet)
HPRegen  0.10/turn              (no ring)
MPRegen  0.08/turn              (no ring)

@: short of breath, very slow
A: large, see invisible, deformed body, poison resistance, slowness 2, slow
metabolism 1, spit poison 1, AC +1
a: Spit Poison


You were on level 4 of the Dungeon.
You were not hungry.

You visited 1 branch of the dungeon, and saw 4 of its levels.

You collected 34 gold pieces.

Inventory:

Hand Weapons
 a - a +0 war axe (weapon)
Missiles
 d - 3 throwing nets (quivered)
Armour
 c - a +0 helmet (worn)
 k - a +0 plate armour (worn)
Scrolls
 e - 2 scrolls of remove curse {unknown}
 i - a scroll of noise {unknown}
Potions
 b - a potion of heal wounds {unknown}
 g - a potion of flight {unknown}
 h - a potion of resistance {unknown}
 j - a potion of cancellation {unknown}
 l - a potion of haste {unknown}
Comestibles
 f - 5 rations
 m - a chunk of flesh


   Skills:
 - Level 2.0 Fighting
 + Level 4.4 Axes
 - Level 1.7 Throwing
 - Level 2.4 Dodging


You had 2 spell levels left.
You didn't know any spells.
Your spell library was empty.

Dungeon Overview and Level Annotations

Branches:
Dungeon (4/15)
 Temple: D:4-7

Altars:


Innate Abilities, Weirdness & Mutations

You cannot wear boots.
Your serpentine skin is tough. (AC +1)
You have supernaturally acute eyesight. (SInv)
Armour fits poorly on your strangely shaped body.
Your system is resistant to poisons. (rPois)
You cover ground very slowly.
You have a slow metabolism.
You can spit poison.


Message History

You completely miss the dart slug.
An ogre comes into view. It is wielding a +0 giant spiked club.
The dart slug launches a dart at you. The slug dart hits you!
The ogre shouts!
You hit the dart slug.
The dart slug is moderately wounded.
You hit the dart slug.
The dart slug is severely wounded.
The dart slug launches a dart at you. The slug dart hits you!
You slash the dart slug!
You kill the dart slug!
The ogre hits you with a +0 giant spiked club!
Press: ? - help, Shift-Dir - straight line, f - ogre
Aim: an ogre, wielding a +0 giant spiked club The splash of poison hits the ogre.
The ogre is poisoned.
The ogre is lightly wounded.
You feel slightly more hungry.
Are you sure you want to abandon this character and quit the game? (Confirm

#.... .#
####...# ##.
.......##.. #
........ #.
#.....
##..##...#
#.......<######
#......O.)......
#..>...@........
#.........).....
#...............
####...#........
.....#........
......#........
#...... .......
#####.> .......


You could see an ogre.

Vanquished Creatures
  An adder (D:3)
  2 dart slugs
  A leopard gecko (D:1)
  3 orcs
  A giant cockroach (D:2)
  A goblin (D:1)
  2 hobgoblins
  A jackal (D:3)
  A quokka (D:3)
  3 bats
  A frilled lizard (D:1)
  3 kobolds
  A rat (D:3)
21 creatures vanquished.

Notes
Turn   | Place    | Note
-------+----------+-------------------------------------------
     0 | D:1      | Duffy the Naga Gladiator began the quest for the Orb.
     0 | D:1      | Reached XP level 1. HP: 19/19 MP: 1/1
   315 | D:1      | Reached XP level 2. HP: 24/26 MP: 2/2
   800 | D:3      | Reached skill level 4 in Axes
   800 | D:3      | Reached XP level 3. HP: 30/32 MP: 3/3
   939 | D:4      | Noticed an ogre
   944 | D:4      | Quit the game

Vault maps used:
D:1:      roderic_crossed_star, minmay_pentomino_o4
D:3:      first_ration
D:4:      lemuel_coloured_pillars_altar, minivault_25

Skill      XL: |  1  2 |
---------------+-------+-----
Axes           | 4 |  4.4
Fighting       | |  2.0
Throwing       | |  1.7
Dodging        | |  2.4

Action                   || total
-------------------------++-------
Melee: War axe           ||    55
 Abil: Spit Poison       ||     3
Armor: Leather armour    ||     5
       Plate armour      ||    39
Dodge: Dodged            ||    17

Table legend:
 A = Non-vault XP
 B = Vault XP
 C = Vault XP percentage of total XP
 D = Non-vault monster count
 E = Vault monster count
 F = Vault count percentage of total count
                 A         B        C        D         E       F
            +---------+---------+-------+---------+---------+-------
      Total |      53 |       3 |   5.4 |      19 |       2 |   9.5
            +---------+---------+-------+---------+---------+-------
        D:1 |      14 |       3 |  17.6 |       7 |       2 |  22.2
        D:2 |       5 |       0 |   0.0 |       3 |       0 |   0.0
        D:3 |      24 |       0 |   0.0 |       6 |       0 |   0.0
        D:4 |      10 |       0 |   0.0 |       3 |       0 |   0.0
            +---------+---------+-------+---------+---------+-------
